 Dungeon Crawl Stone Soup version 0.30-a0-883-g5ad918d77d (webtiles) character file.

Game seed: 10317148666232665869

39 Zeldest the Conjurer (level 3, -4/19 (28) HPs)
             Began as a Mummy Reaver on Mar 16, 2023.
             Slain by a gnoll
             ... wielding a +0 whip
              (5 damage)
             ... on level 2 of the Dungeon.
             The game lasted 00:01:50 (1255 turns).

Zeldest the Conjurer (Mummy Reaver)                 Turns: 1255, Time: 00:01:51

HP:   -4/19 (28)    AC:  3    Str: 15    XL:     3   Next: 26%
MP:   6/7           EV: 11    Int: 14    God:
Gold: 49            SH:  3    Dex: 10    Spells: 6/7 levels left

rFire   x . .      SeeInvis .    a - +0 falchion
rCold   + . .      Faith    +    g - +0 buckler
rNeg    + + +      Spirit   .    b - +0 leather armour
rPois   ∞          Reflect  .    (no helmet)
rElec   .          Rampage  .    (no cloak)
rCorr   .                        (no gloves)
Will    .....                    (no boots)
Stlth   +                        (no amulet)
HPRegen 0.23/turn                (no ring)
MPRegen 0.10/turn                (no ring)

@: very heavily drained
A: cold resistance 1, negative energy resistance 3, torment resistance 2, heat
vulnerability 1, in touch with death 1, no potions, faith
a: no special abilities


You were on level 2 of the Dungeon.
You visited 1 branch of the dungeon, and saw 2 of its levels.

You collected 49 gold pieces.

Inventory:

Hand Weapons
 a - a +0 falchion (weapon)
Armour
 b - a +0 leather armour (worn)
 g - a +0 buckler (worn)
Scrolls
 c - 4 scrolls of identify {unknown}
 d - 2 scrolls of teleportation {unknown}
 e - a scroll of fog {unknown}
 f - a scroll of enchant armour {unknown}
 h - a scroll of noise {unknown}


   Skills:
 + Level 2.4 Fighting
 + Level 2.7 Long Blades
 - Level 1.5 Dodging
 - Level 2.6 Spellcasting
 + Level 2.8 Conjurations
 + Level 1.2 Necromancy


You had 6 spell levels left.
You knew the following spells:

 Your Spells              Type           Power      Damage    Failure   Level
a - Kiss of Death         Conj/Necr      44%        2d8       17%         1

Your spell library contained the following spells:

 Spells                   Type           Power      Damage    Failure   Level
 Momentum Strike          Conj/Tloc      10%        3d8       32%         2
 Hailstorm                Conj/Ice       5%         3d4       54%         3
 Airstrike                Air            0%         2d(1-17)  98%         4
 Summon Lightning Spire   Summ/Air       1%         N/A       98%         4
 Lightning Bolt           Conj/Air       2%         1d14      99%         5


Dungeon Overview and Level Annotations

Branches:
Dungeon (2/15)

Altars:


Innate Abilities, Weirdness & Mutations

You are immune to poison.
Your flesh is cold resistant. (rC+)
You are immune to negative energy. (rN+++)
You are immune to unholy pain and torment.
You are vulnerable to heat. (rF-)
You are in touch with the powers of death.
You do not drink.
You have a special connection with the divine. (Faith)


Message History

You hit the gnoll.
The gnoll is moderately wounded.
The gnoll hits you with a +0 whip.
You closely miss the gnoll.
The gnoll is moderately wounded.
The gnoll hits you but does no damage.
You barely miss the gnoll.
The gnoll is moderately wounded.
A gnoll comes into view. It is wielding a +0 spear.
The gnoll closely misses you. x2; The gnoll moves out of view.
You closely miss the gnoll.
The gnoll is moderately wounded.
The gnoll barely misses you.
You hit the gnoll but do no damage.
The gnoll is moderately wounded.
The gnoll hits you with a +0 whip.
You hit the gnoll.
The gnoll is moderately wounded.
The gnoll closely misses you.
You hit the gnoll but do no damage.
The gnoll is moderately wounded.
The gnoll hits you with a +0 whip!
You closely miss the gnoll.
The gnoll is moderately wounded.
The gnoll closely misses you. The gnoll hits you with a +0 whip.
* * * LOW HITPOINT WARNING * * *
You barely miss the gnoll.
The gnoll is moderately wounded.
The gnoll hits you with a +0 whip.
* * * LOW HITPOINT WARNING * * *
Casting: Kiss of Death (safe; 17% risk of failure)
Confirm with . or Enter, or press ? or * to list all spells.
Aiming: Kiss of Death (safe; 17% risk of failure)
Press: ? - help, Shift-Dir - straight line, f - gnoll
Aim: a gnoll, wielding a +0 whip (moderately wounded, 100% to hit)
You feel a surge of power!
The negative energy hits the gnoll.
The gnoll is drained!
The gnoll is severely wounded.
You feel drained. The gnoll hits you with a +0 whip.
You die...

#.....#
#.#)###
#.#.#
#.#.###
#.....#
###.#.#
#.#.# #g#.#
#@#.# #.#.#
#.#.#####...
#.........#
###.#####...
#.#######
#.......#
#######.#
#.#


You could see a gnoll (very drained).

Vanquished Creatures
  A gnoll (D:2)
  A dart slug (D:1)
  3 endoplasms
  3 giant cockroaches
  2 goblins (D:2)
  4 kobolds
  4 ball pythons
  2 bats
  3 frilled lizards
  3 rats
26 creatures vanquished.

Notes
Turn   | Place    | Note
-------+----------+-------------------------------------------
     0 | D:1      | Zeldest the Mummy Reaver began the quest for the Orb.
     0 | D:1      | Reached XP level 1. HP: 16/16 MP: 4/4
   216 | D:1      | Reached XP level 2. HP: 22/22 MP: 5/5
   930 | D:2      | Reached skill level 1 in Necromancy
  1165 | D:2      | Gained mutation: You are in touch with the powers of death.
                  | [Mummy growth]
  1165 | D:2      | Reached XP level 3. HP: 10/28 MP: 7/7
  1254 | D:2      | HP: 1/24 [gnoll/+0 whip (5)]
  1255 | D:2      | Slain by a gnoll

Illustrated notes

Levels and vault maps discovered:
D:1:      dpeg_arrival_oval, layout_basic
D:2:      layout_loops_ring, minmay_tetromino_s4

Skill      XL: |  1  2 |
---------------+-------+-----
Necromancy     | 1 |  1.2
Fighting       | |  2.4
Long Blades    | |  2.7
Dodging        | |  1.5
Spellcasting   | |  2.6
Conjurations   | |  2.8

Action                     || total
---------------------------++-------
  Melee: Falchion          ||    94
   Cast: Kiss of Death     ||     2
 Armour: Leather armour    ||    38
  Dodge: Dodged            ||    64
  Block: Buckler           ||     1

Table legend: (Time is in decaauts)
 A = Elapsed time spent in this place.
 B = Non-inter-level travel time spent in this place.
 C = Inter-level travel time spent in this place.
 D = Time resting spent in this place.
 E = Time spent auto-exploring this place.
 F = Levels seen in this place.
 G = Mean time per level.
                   A        B        C        D        E       F      G
               +--------+--------+--------+--------+--------+-----+--------+
         Total |   1271 |   1201 |     70 |    181 |    751 |   2 |  635.5 |
       Dungeon |   1271 |   1201 |     70 |    181 |    751 |   2 |  635.5 |
               +--------+--------+--------+--------+--------+-----+--------+

Top non-repeatable levels by time:
     D:1: 835 daAuts
     D:2: 435 daAuts
